 Dungeon Crawl Stone Soup version 0.32-a0-909-gc671339a80 (webtiles) character file.

Game seed: 13570287382634845652

7536 smashvw the Summoner (level 10, -14/51 HPs)
             Began as a Felid Summoner on Apr 6, 2024.
             Was a Priest of Kikubaaqudgha.
             Killed by an exploding blazeheart core (47 damage)
             ... on level 1 of the Lair of Beasts.
             The game lasted 00:39:34 (11237 turns).

smashvw the Summoner (Felid Summoner)              Turns: 11237, Time: 00:39:34

Health: -14/51     AC:  2    Str:  4    XL:     10   Next: 96%
Magic:  15/21      EV: 21    Int: 22    God:    Kikubaaqudgha [***...]
Gold:   442        SH:  0    Dex: 18    Spells: 12/23 levels left
                                        Lives:  0   Deaths: 4

rFire   . . .        (weapon unavailable)
rCold   . . .        (shield unavailable)
rNeg    . . .        (body armour unavailable)
rPois   .            (helmet unavailable)
rElec   .            (cloak unavailable)
rCorr   .            (gloves unavailable)
SInv    +            (boots unavailable)
Will    +....        (no amulet)
Stlth   ++++         (no ring)
HPRegen 0.28/turn    (no ring)
MPRegen 0.17/turn

%: no passive effects
@: no status effects
A: very small, claws 1, fangs 3, see invisible, shaggy fur 2, stealthy paws, no
weapons or thrown items, no armour, multi-lived
a: Renounce Religion, Unearth Wretches


You were on level 1 of the Lair of Beasts.
You worshipped Kikubaaqudgha.
Kikubaaqudgha was most pleased with you.
You visited 3 branches of the dungeon, and saw 13 of its levels.

You collected 442 gold pieces.

Inventory:

Jewellery
 i - an amulet of guardian spirit
Wands
 j - a wand of iceblast (24)
 l - a wand of polymorph (6)
 w - a wand of light (1)
Scrolls
 b - 8 scrolls of teleportation
 c - a scroll of fear
 e - 2 scrolls of revelation
 f - 2 scrolls of fog
 g - a scroll of vulnerability
 h - 2 scrolls of poison
 n - 2 scrolls of enchant armour
Potions
 a - a potion of magic
 d - 7 potions of curing
 k - 2 potions of haste
 m - a potion of enlightenment {unknown}
 o - a potion of ambrosia {unknown}
 p - 3 potions of mutation
 r - 6 potions of might {unknown}
 s - 3 potions of heal wounds {unknown}
 t - a potion of degeneration {unknown}
 u - a potion of attraction {unknown}
 v - 4 potions of lignification {unknown}


   Skills:
 + Level 5.3 Fighting
 + Level 7.7 Dodging
 + Level 8.1 Stealth
 + Level 7.0 Spellcasting
 + Level 8.3 Summonings
 + Level 4.7 Necromancy
 - Level 5.0 Fire Magic
 + Level 5.2 Air Magic


You had 12 spell levels left.
You knew the following spells:

 Your Spells              Type           Power      Damage    Failure   Level
b - Call Canine Familiar  Summ           44%        N/A       1%          3
c - Summon Blazeheart Go  Fire/Summ      37%        N/A       5%          4
d - Summon Lightning Spi  Summ/Air       37%        N/A       4%          4

Your spell library contained the following spells:

 Spells                   Type           Power      Damage    Failure   Level
 Necrotise                Necr           100%       1d9       1%          1
 Summon Small Mammal      Summ           100%       N/A       1%          1
 Call Imp                 Summ           88%        N/A       1%          2
 Sublimation of Blood     Necr           28%        N/A       1%          2
 Kiss of Death            Conj/Necr      72%        2d10      3%          1
 Cigotuvi's Dreadful Rot  Necr/Alch/Air  44%        N/A       3%          2
 Static Discharge         Conj/Air       38%        3-5/arc   4%          2
 Summon Ice Beast         Ice/Summ       26%        N/A       4%          3
 Martyr's Knell           Necr/Summ      36%        N/A       5%          4
 Magic Dart               Conj           28%        1d4       9%          1
 Sandblast                Erth           14%        2d6       9%          1
 Inner Flame              Hex/Fire       18%        N/A       9%          3
 Volatile Blastmotes      Fire/Tloc      36%        2d13      9%          3
 Airstrike                Air            15%        2d(3-19)  10%         4
 Searing Ray              Conj           14%        2d5       12%         2
 Animate Dead             Necr           28%        N/A       12%         4
 Dispel Undead            Necr           28%        3d13      12%         4
 Dazzling Flash           Conj/Hex       14%        N/A       24%         3
 Hailstorm                Conj/Ice       7%         3d5       24%         3
 Passwall                 Erth           7%         N/A       24%         3
 Stone Arrow              Conj/Erth      14%        3d7       24%         3
 Flame Wave               Conj/Fire      18%        2d7       28%         4
 Sticky Flame             Fire/Alch      18%        2d6       28%         4
 Vhi's Electric Charge    Tloc/Air       38%        N/A       28%         4
 Anguish                  Hex/Necr       9%         N/A       30%         4
 Summon Forest            Summ/Tloc      13%        N/A       38%         5
 Summon Mana Viper        Hex/Summ       26%        N/A       38%         5
 Summon Cactus Giant      Summ           22%        N/A       38%         6
 Brom's Barrelling Bould  Conj/Erth      7%         2d3       63%         4
 Fulminant Prism          Conj/Alch      3%         3d5       63%         4
 Petrify                  Alch/Erth      7%         N/A       63%         4
 Death Channel            Necr           14%        N/A       88%         6
 Irradiate                Conj/Alch      3%         3d12      92%         5
 Starburst                Conj/Fire      9%         6d5       99%         6
 Bombard                  Conj/Erth      3%         9d1       100%        6
 Permafrost Eruption      Ice/Erth       3%         2x4d2     100%        6
 Sculpt Simulacrum        Ice/Alch       3%         N/A       100%        6
 Maxwell's Capacitive Co  Air            15%        ∞         100%        8


Dungeon Overview and Level Annotations

Branches:
Dungeon (11/15)            Temple (1/1) D:5            Lair (1/5) D:8
    Orc: D:9-12

Altars:
Ashenzari
Cheibriados
Dithmenos
Elyvilon
Fedhas
Gozag
Hepliaklqana
Kikubaaqudgha
Makhleb
Nemelex Xobeh
Okawaru
Qazlal
Ru
Sif Muna
Trog
Uskayaw
Vehumet
Wu Jian
Xom
Yredelemnul
Zin
The Shining One

Shops:
D:5 *   D:6 =

Portals:
Ice
Cave: Lair:1

Annotations:
D:3 2 runed translucent doors, Crazy Yiuf; justen's ghost, weakling OpSh
D:5 2 transporters, KennySheep's ghost, amateur OnCj


Innate Abilities, Weirdness & Mutations

You have sharp claws.
You have razor-sharp teeth.
You have supernaturally acute eyesight. (SInv)
You are covered in thick fur. (AC +2)
Your paws help you pounce on unaware monsters.
You are incapable of wielding weapons or throwing items.
You cannot wear armour.
You gain extra lives every three experience levels.


Message History

The puff of frost hits your blazeheart golem.
Your blazeheart golem resists.
The white imp gestures at you.
The puff of frost hits your blazeheart golem.
Your blazeheart golem resists.
The white imp hits your blazeheart golem but does no damage.
Your blazeheart golem punches the white imp!
The white imp dies!
Kikubaaqudgha accepts your kill.
The white imp hits your blazeheart golem but does no damage. x2
The white imp hits your blazeheart golem but does no damage. x2
Your blazeheart golem closely misses the white imp.
The white imp gestures at you.
The puff of frost hits your blazeheart golem.
Your blazeheart golem resists.
The white imp hits your blazeheart golem but does no damage.
The white imp gestures at you.
The puff of frost hits your blazeheart golem.
Your blazeheart golem resists.
Your blazeheart golem punches the white imp!!
The white imp dies!
Kikubaaqudgha accepts your kill.
Your blazeheart golem falls apart, revealing its core!
The white imp completely misses your blazeheart core.
Casting: Summon Blazeheart Golem (dangerous; 5% risk of failure)
Confirm with . or Enter, or press ? or * to list all spells.
An electric hum fills the air.
Your blazeheart core explodes!
The fiery explosion engulfs the white imp!!!
The white imp is burned terribly!
You kill the white imp!
Kikubaaqudgha accepts your kill.
The fiery explosion engulfs the white imp!!!
The white imp is burned terribly!
You kill the white imp!
Kikubaaqudgha accepts your kill. The fiery explosion engulfs you!!!
Ouch! That really hurt!
You die...
Kikubaaqudgha rasps: You have failed me!
Welcome... death!

#. #.5 #..∩ #...5 ### #
#.....##.####...
.#....5.5......
.....5..☼☼#.#...
#.#..####○####... #.
##☼@....#
##.#...#.#..##.I....##
...........^........P#
#..#.......###..#.#.##
......#..#..#P.....#.###
.........#.###......>...
#.......... ##....###..
#...#...#####..#.## ..
#...........##.#..#


You could see 2 white imps and a friendly lightning spire (summoned).

Vanquished Creatures
  Pikel (D:8)
  2 cane toads (Lair:1)
  A komodo dragon (Lair:1)
  2 trolls
  3 yaks (D:8)
  An acid dragon (D:8)
  A water moccasin (D:8)
  Pargi (D:4)
  An orc warrior (D:9)
  A black bear (D:6)
  A centaur (D:9)
  A lemure (D:8)
  A bullfrog (D:8)
  3 kobold brigands
  3 killer bees (D:8)
  3 howler monkeys
  An orc priest (D:4)
  An iguana (D:6)
  3 orc wizards
  2 adders (D:5)
  2 white imps (Lair:1)
  An ufetubus (D:7)
  9 orcs
  2 goblins
  A hobgoblin (D:4)
  A jackal (D:1)
  4 kobolds
  2 quokkas
  A ball python (D:1)
  A bat (D:2)
  A rat (D:1)
58 creatures vanquished.

Vanquished Creatures (collateral kills)
  A cane toad (Lair:1)
  Prince Ribbit (D:8)
  A shadow (D:10)
  6 yaks
  A steam dragon (D:8)
  2 water moccasins
  An ice beast (D:7)
  An orc warrior (D:7)
  A sky beast (D:6)
  2 centaurs
  A lemure (D:8)
  2 bullfrogs
  2 kobold brigands
  2 scorpions
  11 killer bees (D:9)
  2 howler monkeys (D:7)
  3 bombardier beetles
  3 jellies
  4 orc priests
  3 hounds
  Terence (D:3)
  2 iguanas
  11 orc wizards
  8 gnolls
  3 adders
  7 white imps
  An ufetubus (D:7)
  3 ribbon worms
  5 dart slugs
  28 orcs
  5 endoplasms
  A giant cockroach (D:1)
  5 goblins
  6 hobgoblins
  3 jackals (D:1)
  2 quokkas
  4 ball pythons
  A bat (D:1)
  2 frilled lizards (D:1)
  24 kobolds
  6 rats
178 creatures vanquished.

Vanquished Creatures (others)
  47 blazeheart cores
47 creatures vanquished.

Grand Total: 283 creatures vanquished

Notes
Turn   | Place    | Note
-------+----------+-------------------------------------------
     0 | D:1      | smashvw the Felid Summoner began the quest for the Orb.
     0 | D:1      | Reached XP level 1. HP: 9/9 MP: 4/4
   101 | D:1      | You fall into a shaft and drop 1 floor!
   221 | D:1      | Slain by a kobold
   221 | D:1      | Lost a life (0 lives remaining)
   261 | D:1      | Reached XP level 2. HP: 5/13 MP: 0/6
   633 | D:1      | Reached XP level 3. HP: 10/16 MP: 2/8
  1095 | D:2      | Learned a level 3 spell: Call Canine Familiar
  1102 | D:2      | Found an opulent altar of Gozag.
  1473 | D:2      | Found a faded altar of an unknown god.
  2112 | D:3      | Reached XP level 4. HP: 21/21 MP: 9/9
  2112 | D:3      | Gained a life (1 life remaining)
  2151 | D:3      | Found a hazy altar of Hepliaklqana.
  2155 | D:3      | Found a shimmering blue altar of Sif Muna.
  2172 | D:3      | Found a broken altar of Ashenzari.
  2237 | D:3      | Noticed Terence
  2245 | D:3      | Killed Terence
  2246 | D:3      | Reached skill level 5 in Summonings
  2345 | D:3      | Noticed a scorpion
  2363 | D:3      | Killed a scorpion
  2364 | D:3      | Reached XP level 5. HP: 24/24 MP: 2/11
  2369 | D:3      | Learned a level 4 spell: Summon Blazeheart Golem
  2499 | D:3      | Found a stormy altar of Qazlal.
  2613 | D:3      | Reached skill level 1 in Fire Magic
  2793 | D:3      | Found a runed translucent door.
  2813 | D:3      | Noticed justen's ghost (weakling OpSh)
  2859 | D:3      | Found a runed translucent door.
  2860 | D:3      | Noticed Crazy Yiuf
  2917 | D:4      | Gained mutation: You are covered in thick fur. (AC +2)
                  | [Felid growth]
  2917 | D:4      | Reached XP level 6. HP: 25/28 MP: 8/13
  3044 | D:4      | Learned a level 4 spell: Summon Lightning Spire
  3551 | D:4      | Upgraded the game from 0.32-a0-900-g30fb1b0edc to
                  | 0.32-a0-909-gc671339a80
  3553 | D:4      | Reached skill level 1 in Air Magic
  4018 | D:4      | Reached XP level 7. HP: 29/32 MP: 4/14
  4018 | D:4      | Gained a life (2 lives remaining)
  4108 | D:4      | Noticed Pargi
  4117 | D:4      | Killed Pargi
  4488 | D:5      | Entered Level 5 of the Dungeon
  4534 | D:5      | Found a staircase to the Ecumenical Temple.
  4536 | D:5      | Found an opulent altar of Gozag.
  4567 | Temple   | Entered the Ecumenical Temple
  4583 | Temple   | Became a worshipper of Kikubaaqudgha
  4768 | D:5      | Found a bloodstained altar of Trog.
  4917 | D:5      | Found Saiba's Assorted Antiques.
  4929 | D:5      | Found a sacrificial altar of Ru.
  4941 | D:5      | Found a shimmering altar of Xom.
  5058 | D:5      | Found a blossoming altar of Fedhas.
  5105 | D:5      | Found a transporter.
  5111 | D:5      | Found a transporter.
  5111 | D:5      | Noticed KennySheep's ghost (amateur OnCj)
  5316 | D:6      | Found Xoziod's Jewellery Shop.
  5339 | D:6      | Reached skill level 1 in Fighting
  5339 | D:6      | Reached skill level 5 in Spellcasting
  5575 | D:6      | Reached * piety under Kikubaaqudgha
  5575 | D:6      | Received a gift from Kikubaaqudgha
  5576 | D:6      | Reached XP level 8. HP: 29/37 MP: 9/16
  6046 | D:6      | Reached skill level 1 in Necromancy
  6567 | D:7      | Noticed a troll
  6569 | D:7      | Reached skill level 5 in Stealth
  6571 | D:7      | Killed a troll
  6572 | D:7      | Reached skill level 5 in Dodging
  6572 | D:7      | Reached XP level 9. HP: 44/44 MP: 10/18
  6843 | D:7      | Found a sparkling altar of Nemelex Xobeh.
  7826 | D:8      | Engulfed by a cloud of steam
  7826 | D:8      | Lost a life (1 life remaining)
  7841 | D:8      | Reached ** piety under Kikubaaqudgha
  7850 | D:8      | Noticed Prince Ribbit
  7867 | D:8      | Killed Prince Ribbit
  8013 | D:8      | HP: 1/45 [spore (44)]
  8219 | D:8      | Found a staircase to the Lair.
  8234 | D:8      | Noticed Pikel
  8237 | D:8      | Killed Pikel
  8511 | D:8      | Reached XP level 10. HP: 49/49 MP: 17/20
  8511 | D:8      | Gained a life (2 lives remaining)
  8687 | D:8      | Found a shadowy altar of Dithmenos.
  9249 | D:9      | Reached *** piety under Kikubaaqudgha
  9249 | D:9      | Received a gift from Kikubaaqudgha
  9931 | D:10     | Entered Level 10 of the Dungeon
  9959 | D:10     | Reached skill level 5 in Fire Magic
 10288 | D:10     | Found a burning altar of Makhleb.
 10304 | D:10     | Killed by an exploding blazeheart core
 10304 | D:10     | Lost a life (1 life remaining)
 10803 | D:11     | Reached skill level 5 in Air Magic
 10810 | D:11     | Reached skill level 5 in Fighting
 10812 | D:11     | Slain by a yak
 10812 | D:11     | Lost a life (0 lives remaining)
 10820 | D:11     | Noticed a two-headed ogre
 10903 | Lair:1   | Entered Level 1 of the Lair of Beasts
 10989 | Lair:1   | Noticed a cane toad
 10999 | Lair:1   | Killed a cane toad
 11010 | Lair:1   | Noticed a cane toad
 11017 | Lair:1   | Noticed a cane toad
 11019 | Lair:1   | Killed a cane toad
 11024 | Lair:1   | Killed a cane toad
 11218 | Lair:1   | Found a frozen archway.
 11237 | Lair:1   | Killed by an exploding blazeheart core

Illustrated notes

Levels and vault maps discovered:
D:1:      saegor_arrival_simple_c, layout_basic, minmay_vboxes
D:2:      layout_basic, basic_altar, serial_glass, glass_columns_c,
          glass_columns_a, chequers_ecumenical_altar_lobes
D:3:      layout_basic, lemuel_tele_altar, marbit_many_paths, minitemple,
          gammafunk_ghost_grave, hangedman_decor_push, uniq_terence,
          uniq_crazy_yiuf_cottage
D:4:      layout_gridville, uniq_pargi
D:5:      layout_cave_pools, grunt_gozag_breadcrumbs, nicolae_ru_path_of_blood,
          fedhas_altar_4, mainiacjoe_overflow_small_starburst,
          lemuel_doored_altar, gammafunk_ghost_arena, serial_shops,
          nicolae_shop_peninsula
D:6:      layout_basic, serial_shops, nicolae_shop_stone
D:7:      layout_basic, nemelex_diamond_rough_becter
D:8:      layout_basic, nicolae_dithmenos_through_a_glass_darkly,
          lair_entry_dummy, uniq_pikel, uniq_prince_ribbit1
D:9:      layout_cave_pods, hangedman_abyss_or_decor_stabs, minmay_misc_feat_x,
          nicolae_concentric_dashed_squares_mild
D:10:     layout_basic, mainiacjoe_overflow_chevrons
D:11:     layout_cave_pools, zombieorc2_lemuel, uniq_nergalle
Temple:   hellmonk_temple_beads
Lair:1:   layout_loops_ring, portal_ice_cave_entry_imps,
          ebering_ghost_disaster_area, nicolae_lair_liquid_snakes

Skill      XL: |  1  2  3  4  5  6  7  8  9 10 |
---------------+-------------------------------+-----
Spellcasting   | 3 4 5 6 7 |  7.0
Summonings     | 5 6 7 8 |  8.3
Fire Magic     | 1 2 3 4 5 |  5.0
Air Magic      | 1 2 3 4 5 |  5.2
Stealth        | 3 5 6 8 |  8.1
Dodging        | 3 5 6 7 |  7.7
Fighting       | 1 3 4 5 |  5.3
Necromancy     | 2 3 4 |  4.7

Action                     |  1- 3 |  4- 6 |  7- 9 | 10-12 || total
---------------------------+-------+-------+-------+-------++-------
  Melee: Unarmed           |    31 |     8 |     6 |     1 ||    46
         Bite              |     3 |     1 |     1 |       ||     5
   Cast: Summon Small Mamm |    67 |    44 |     9 |       ||   120
         Call Canine Famil |     7 |    16 |    11 |       ||    34
         Summon Blazeheart |       |     3 |    46 |    28 ||    77
         Summon Lightning  |       |       |     9 |    10 ||    19
    Use: Scroll            |       |     4 |     7 |     5 ||    16
         Potion            |       |       |       |     2 ||     2
 Armour: Skin              |    21 |     8 |    26 |    21 ||    76
  Dodge: Dodged            |    54 |    24 |    39 |    54 ||   171

Table legend: (Time is in decaauts)
 A = Elapsed time spent in this place.
 B = Non-inter-level travel time spent in this place.
 C = Inter-level travel time spent in this place.
 D = Time resting spent in this place.
 E = Time spent auto-exploring this place.
 F = Levels seen in this place.
 G = Mean time per level.
                   A        B        C        D        E       F      G
               +--------+--------+--------+--------+--------+-----+--------+
         Total |  11235 |  10852 |    383 |    118 |   8792 |  13 |  864.2 |
       Dungeon |  10870 |  10501 |    369 |     37 |   8613 |  11 |  988.2 |
        Temple |     31 |     17 |     14 |      0 |      0 |   1 |   31.0 |
          Lair |    333 |    333 |      0 |     81 |    179 |   1 |  333.0 |
               +--------+--------+--------+--------+--------+-----+--------+

Top non-repeatable levels by time:
     D:4: 1582 daAuts
     D:8: 1285 daAuts
     D:9: 1178 daAuts
     D:6: 1171 daAuts
     D:7: 1134 daAuts
     D:1: 1084 daAuts
     D:2: 939 daAuts
     D:3: 879 daAuts
    D:10: 868 daAuts
     D:5: 715 daAuts
  Lair:1: 333 daAuts
  Temple: 31 daAuts
    D:11: 29 daAuts
